 Dungeon Sprint DCSS version 0.18-a0-1343-g48c8f86 (webtiles) character file.

38 Kidiri the Skirmisher (level 3, -2/26 HPs)
             Began as a Gargoyle Fighter on Feb 16, 2016.
             Was an Initiate of Cheibriados.
             Killed from afar by a white imp (11 damage)
             ... with a puff of frost
             ... in the Dungeon (Sprint V: "Ziggurat Sprint").
             The game lasted 00:03:34 (135 turns).

Kidiri the Skirmisher (Gargoyle Fighter)             Turns: 135, Time: 00:03:35

Health: -2/26      AC: 30    Str: 20    XL:     3   Next: 43%
Magic:  3/5        EV:  1    Int:  9    God:    Cheibriados [......]
Gold:   0          SH: 29    Dex: 23    Spells: 0 memorised, 2 levels left

rFire  . . .     SeeInvis .     L - +6 shillelagh "Devastator" {shatter}
rCold  . . .     Gourm    .     J - +15 Maxwell's patent armour {-Cast -Tele rElec MR+ rCorr}
rNeg   + + .     Faith    .     K - +18 shield of the gong {rElec rN+ MR+ EV-5}
rPois  ∞         Spirit   .     (no helmet)
rElec  +         Dismiss  .     (no cloak)
rCorr  +         Reflect  .     (no gloves)
SustAt .         Harm     .     (no boots)
MR     ++...     NoTele   +     (no amulet)
Stlth  .......... NoCast   +    y - +6 ring of dexterity
                                A - +6 ring of dexterity

@: very slow, very resistant to hostile enchantments, extremely unstealthy
A: negative energy resistance 1, electricity resistance, unbreathing,
petrification resistance, rot immunity, AC +3
a: Bend Time, Renounce Religion


You were in the Dungeon.
You worshipped Cheibriados.
Cheibriados was noncommittal.
You were not hungry.

You visited 1 branch

Inventory:

Hand Weapons
 L - the +6 shillelagh "Devastator" (weapon) {shatter}
   (You found it in the Dungeon)
Armour
 J - the +15 Maxwell's patent armour (worn) {-Cast -Tele rElec MR+ rCorr}
   (You found it in the Dungeon)

   It insulates you from electricity.
   It affects your resistance to hostile enchantments.
   It prevents spellcasting.
   It prevents most forms of teleportation.
   It protects you from acid and corrosion.
 K - the +18 shield of the gong (worn) {rElec rN+ MR+ EV-5}
   (You found it in the Dungeon)

   It affects your evasion (-5).
   It insulates you from electricity.
   It protects you from negative energy.
   It affects your resistance to hostile enchantments.
Jewellery
 y - a +6 ring of dexterity (right hand)
 A - a +6 ring of dexterity (left hand)
 B - a +6 ring of intelligence
 C - a +6 ring of intelligence
 D - a +6 ring of strength
 E - a +6 ring of strength
Wands
 F - a wand of disintegration (7/24)
 G - a wand of iceblast (5/15)
 H - a wand of lightning (5/15)
 I - a wand of acid (5/15)
Scrolls
 k - 4 scrolls of blinking
 q - 4 scrolls of amnesia
 r - 3 scrolls of recharging
 s - 7 scrolls of fog
 t - a scroll of holy word
 u - 5 scrolls of identify
 v - 5 scrolls of remove curse
 w - 2 scrolls of fear
Potions
 d - 6 potions of might
 e - 10 potions of curing
 g - 10 potions of heal wounds
 i - 7 potions of magic
 l - 2 potions of brilliance
 m - 2 potions of invisibility
 n - 4 potions of resistance
 p - 5 potions of agility
Comestibles
 f - 5 bread rations
 x - 42 fruits
 z - 4 meat rations


   Skills:
 * Level 5.0 Fighting
 + Level 3.6 Maces & Flails
 * Level 4.9 Armour
 * Level 3.5 Dodging
 * Level 4.8 Shields
 + Level 3.0 Invocations


You had 2 spell levels left.
You didn't know any spells.

Dungeon Overview and Level Annotations

Branches:
Dungeon (1/1)

Altars:
Ashenzari
Cheibriados
Dithmenos
Elyvilon
Fedhas
Gozag
Kikubaaqudgha
Makhleb
Nemelex Xobeh
Okawaru
Pakellas
Qazlal
Ru
Sif Muna
Trog
Vehumet
Xom
Yredelemnul
Zin
The Shining One
Beogh
Jiyva
Lugonu


Innate Abilities, Weirdness & Mutations

You are resistant to torment.
Your stone body is resilient (AC +3).
You are immune to poison.
You resist negative energy.
You are resistant to electric shocks.
You can survive without breathing.
You are immune to petrification.
You are immune to rotting.


Message History

You block the quasit's attack.
BOUMMMMG!
You block the quasit's attack.
GONNNNG!
The quasit claws you but does no damage.
Unknown command.
You hit the quasit.
The quasit and the white imp shudder.
You kill the quasit!
Cheibriados appreciates the change of pace.
Your Fighting skill increases to level 5!
Your Invocations skill increases to level 3!
You have reached level 3!
Your experience leads to an increase in your attributes!
Your base attributes are Str 19, Int 8, Dex 9.
Increase (S)trength, (I)ntelligence, or (D)exterity?
You feel agile.
The white imp is lightly wounded.
The white imp gestures at you. The puff of frost hits you!
You die...

▓▓▓▓▓▓▓
▓.8©8.▓
▓.....▓
▓.|.?.▓
▓.....▓
▓...5.▓
▓..@..▓
▓▓▓▓▓▓▓


You could see a white imp.

Vanquished Creatures
  A quasit (D)
1 creature vanquished.

Vanquished Creatures (others)
  A spatial maelstrom (D)
1 creature vanquished.

Grand Total: 2 creatures vanquished

Notes
Turn   | Place    | Note
--------------------------------------------------------------
     0 | D        | Kidiri the Gargoyle Fighter began the quest for the Orb.
     0 | D        | Reached XP level 1. HP: 14/14 MP: 1/1
     0 | D        | Found a viscous altar of Jiyva.
     0 | D        | Found a roughly hewn altar of Beogh.
     0 | D        | Found a corrupted altar of Lugonu.
     0 | D        | Found a white marble altar of Elyvilon.
     0 | D        | Found a sparkling altar of Nemelex Xobeh.
     1 | D        | Found a burning altar of Makhleb.
     1 | D        | Found an iron altar of Okawaru.
     1 | D        | Found a deep blue altar of Sif Muna.
     1 | D        | Found a radiant altar of Vehumet.
     1 | D        | Found a bloodstained altar of Trog.
     1 | D        | Found a shimmering altar of Xom.
    28 | D        | Banished a spatial maelstrom
    36 | D        | Became a worshipper of Cheibriados the Contemplative
    84 | D        | Reached skill level 4 in Fighting
    84 | D        | Reached XP level 2. HP: 17/20 MP: 1/3
   127 | D        | Entered arena 1.
   135 | D        | Reached skill level 5 in Fighting
   135 | D        | Reached XP level 3. HP: 9/26 MP: 3/5
   135 | D        | Killed from afar by a white imp

Vault maps used:
D:        sprint_v

Action                   || total
-------------------------++-------
Melee: Shillelagh        ||     8
  Use: Potion            ||     1
